 Seeded DCSS version 0.30.1-4-g462c640d31 (webtiles) character file.

Game seed: 6351066067085065685 (custom seed)

7 Esekla the Grave Robber (level 1, 0/10 HPs)
             Began as a Deep Elf Necromancer on Aug 11, 2023.
             Was an Initiate of Vehumet.
             Slain by an orc
             ... wielding a +0 dagger
              (2 damage)
             ... on level 3 of the Dungeon.
             The game lasted 00:03:50 (509 turns).

Esekla the Grave Robber (Deep Elf Necromancer)       Turns: 509, Time: 00:03:51

Health: 0/10       AC:  4    Str:  5    XL:     1   Next: 91%
Magic:  6/6        EV: 12    Int: 19    God:    Vehumet [......]
Gold:   45         SH:  0    Dex: 15    Spells: 5/6 levels left

rFire   . . .        c - +0 short sword
rCold   . . .        (no shield)
rNeg    . . .        a - +0 robe
rPois   .            i - +0 helmet
rElec   .            (no cloak)
rCorr   .            j - +0 pair of gloves
SInv    .            (no boots)
Will    .....        (no amulet)
Stlth   ++           (no ring)
HPRegen 0.21/turn    (no ring)
MPRegen 0.10/turn

%: no passive effects
@: no status effects
A: no striking features
a: Renounce Religion


You were on level 3 of the Dungeon.
You worshipped Vehumet.
Vehumet was noncommittal.
You visited 1 branch of the dungeon, and saw 4 of its levels.

You collected 45 gold pieces.

Inventory:

Hand Weapons
 c - a +0 short sword (weapon)
Armour
 a - a +0 robe (worn)
 i - a +0 helmet (worn)
 j - a +0 pair of gloves (worn)
Scrolls
 e - a scroll of fear {unknown}
Potions
 b - a potion of magic
 f - a potion of haste {unknown}
 g - a potion of curing {unknown}
 h - a potion of mutation {unknown}
 k - a potion of attraction {unknown}


   Skills:
 * Level 2.4 Dodging
 + Level 3.0 Stealth
 * Level 3.0 Spellcasting
 + Level 5.1 Necromancy


You had 5 spell levels left.
You knew the following spells:

 Your Spells              Type           Power      Damage    Failure   Level
a - Necrotise             Necr           88%        1d8       1%          1

Your spell library contained the following spells:

 Spells                   Type           Power      Damage    Failure   Level
 Vampiric Draining        Necr           22%        2d7       5%          3
 Animate Dead             Necr           22%        N/A       19%         4
 Agony                    Necr           22%        N/A       45%         5


Dungeon Overview and Level Annotations

Branches:
Dungeon (4/15)
 Temple: D:4-7

Altars:
Okawaru
Vehumet
Zin


Message History

A worm comes into view.
A gnoll comes into view. It is wielding a +0 club.
The gnoll shouts!
You hear a shout!
There is a stone staircase leading up here.
HP restored.
You climb upwards.
The orc misses you. The endoplasm freezes you.
You are frozen.
Ouch! That really hurt!
There is a stone staircase leading down here.
You hit the endoplasm.
The endoplasm is moderately wounded.
The orc misses you. The endoplasm closely misses you.
It was a potion of ambrosia.
You are confused.
You feel invigorated. The orc closely misses you.
The endoplasm closely misses you. The orc closely misses you.
You hit the orc but do no damage. The orc closely misses you.
The endoplasm barely misses you. The orc hits you with a +0 whip.
You completely miss the endoplasm.
The endoplasm is lightly wounded.
The orc closely misses you. The endoplasm barely misses you.
The orc barely misses you.
You completely miss the orc.
You feel less invigorated.
You feel less confused. The orc hits you but does no damage.
The orc hits you with a +0 whip.
The endoplasm hits you but does no damage.
You hit the endoplasm.
The endoplasm is heavily wounded.
The orc completely misses you. The endoplasm freezes you.
You are frozen.
Ouch! That really hurt!
* * * LOW HITPOINT WARNING * * *
The orc completely misses you.
You hit the endoplasm.
You kill the endoplasm!
Vehumet accepts your kill. The orc hits you with a +0 dagger.
You die...

#.#..####..#.....
#.##..##..##.....
#..#......#......
#..##....##.....
#...#....#......
#.#J.....o..##+#
#.######....##.#
###.######....##.#
..............oo@#
################o#
#.# #.# #.# #.#
#.# ..#


You could see 3 orcs.

Vanquished Creatures
  2 ball pythons (D:1)
  An endoplasm (D:3)
  A hobgoblin (D:4)
  A frilled lizard (D:1)
  3 kobolds
8 creatures vanquished.

Notes
Turn   | Place    | Note
-------+----------+-------------------------------------------
     0 | D:1      | Esekla the Deep Elf Necromancer began the quest for the
                  | Orb.
     0 | D:1      | Reached XP level 1. HP: 10/10 MP: 6/6
   179 | D:1      | Reached skill level 5 in Necromancy
   413 | D:4      | Found a glowing silver altar of Zin.
   425 | D:4      | Found an iron altar of Okawaru.
   437 | D:4      | Found a radiant altar of Vehumet.
   441 | D:4      | Became a worshipper of Vehumet
   444 | D:4      | Noticed a gnoll bouda
   509 | D:3      | Slain by an orc

Illustrated notes

Levels and vault maps discovered:
D:1:      sevenhm_arrival_forest_fort_small_3, layout_rooms,
          chequers_serial_rivers_room_b, minmay_misc_feat_five
D:2:      layout_loops_ring, dreamdust_ecumenical_altar_angels_and_demons,
          serial_shops, shop
D:3:      layout_basic, grunt_temple_overflow_open, minmay_misc_feat_iff
D:4:      layout_basic, nicolae_overflow_quartered_altars, serial_shops,
          nicolae_diamond_shop

Skill      XL: |  1 |
---------------+----+-----
Necromancy     | 5 |  5.1
Stealth        | 3 |  3.0
Dodging        | |  2.4
Spellcasting   | |  3.0

Action                     || total
---------------------------++-------
  Melee: Short sword       ||    29
         Unarmed           ||     9
    Use: Potion            ||     1
   Stab: Sleeping          ||     1
 Armour: Robe              ||     6
  Dodge: Dodged            ||    31
